[Event "*** SCC Grand Prix: Titled Tuesday Blitz"]
[Site "Chess.com"]
[Date "2020.06.02"]
[Round "3"]
[White "MomchilPetkov"]
[Black "avantage_ru"]
[Result "0-1"]
[WhiteElo "2536"]
[BlackElo "2730"]
[TimeControl "180+1"]
[EndTime "10:29:05 PDT"]
[Termination "avantage_ru won on time"]

1. d4 Nf6 2. c4 g6 3. Nc3 Bg7 4.
e4 O-O 5. h3 d6 6. Be3 c5 7.
Nf3 cxd4 8. Nxd4 Nc6 9. Be2 Nxd4 10. Bxd4 Bh6 11. Qd3 e5 12. Be3 Bxe3 13. Qxe3 Be6 14. O-O Qe7 15. b3 a6 16. Rfd1 Rfc8 17. Rd2 Rc6 18. a4 Rb8 19. Bf1 Kg7 20. Rad1 Qc7 21. Nd5 Bxd5 22. exd5 Rb6 23. Rc2 Nd7 24. Qc3 Qc5 25. Re1 Qb4 26. Qe3 Qxb3 27. Rc3 Qb2 28. f4 exf4 29. Qd4+ Kg8 30. a5 Rb3 31. Rec1 Rxc3 32.
Rxc3 Re8 33. c5 Nxc5 34. Qc4 Qd2 35. Rf3 Re4 36. Rf2 Rxc4 37. Rxd2 Ra4 38. Rb2 Kf8 39. Rb6 Ke7 40. h4 Rxa5 41. Rb1 Ra3 42. Re1+ Re3 43.
Rb1 b5 44. Kf2 Ne4+ 45. Kg1 Kf6 46. Ra1 Nc5 47. Kf2 Ke5 48. Ra2 h6 49. Kg1 g5 50.
h5 g4 51. Rd2 f5 52. Ra2 b4 53.
Ra1 b3 0-1

[Event "*** SCC Grand Prix: Titled Tuesday Blitz"]
[Site "Chess.com"]
[Date "2020.06.02"]
[Round "3"]
[White "Reader777"]
[Black "hongnhung1234"]
[Result "1/2-1/2"]
[WhiteElo "2594"]
[BlackElo "2224"]
[TimeControl "180+1"]
[EndTime "10:29:05 PDT"]
[Termination "Game drawn - insufficient material"]

1. d4 f5 2. c4 Nf6 3. Nc3 g6 4. h4 Bg7 5. h5 Nxh5 6. e4 d6 7. exf5 Bxf5 8. g4 Bxg4 9. Qxg4 Nf6 10. Qd1 Nc6 11. Be3 e5 12. d5 Ne7 13. Bd3 Qd7 14.
Nge2 O-O-O 15. Qb3 Nf5 16. Bxa7 e4 17. Nxe4 Nxe4 18.
Bxe4 b6 19. a4 Rde8 20. f3 Nd4 21. Nxd4 Bxd4 22. a5 Kb7 23. axb6 cxb6 24. Bxb6 Bxb6 25. c5 dxc5 26. d6+ Rxe4+ 27. fxe4 Qxd6 28. Qd5+ Qxd5 29. exd5 h5 30. O-O-O g5 31. Rdg1 Bc7 32. Kc2 Bf4 33. Kd3 Kc7 34. Kc4 h4 35. Re1 Rb8 36. Kxc5 Bd6+ 37.
Kc4 Rxb2 38. Rhg1 g4 39. Re4 Rb4+ 40. Kd3 Rxe4 41. Kxe4 g3 42. Kf3 h3 43. Rxg3 Bxg3 44. Kxg3 Kd6 45. Kxh3 Kxd5 1/2-1/2

[Event "*** SCC Grand Prix: Titled Tuesday Blitz"]
[Site "Chess.com"]
[Date "2020.06.02"]
[Round "3"]
[White "RianKapriaga"]
[Black "boasovietica"]
[Result "0-1"]
[WhiteElo "2189"]
[BlackElo "2435"]
[TimeControl "180+1"]
[EndTime "10:29:05 PDT"]
[Termination "boasovietica won on time"]

1. d4 Nf6 2. Nf3 g6 3. c4 Bg7 4.
Nc3 O-O 5. e4 d6 6. h3 c5 7. d5 b5 8. cxb5 a6 9. b6 Nbd7 10. Be2 Nxb6 11. O-O Rb8 12. Nd2 Qc7 13. Nc4 Nxc4 14. Bxc4 Qb7 15. Qe2 Bd7 16. Bxa6 Qa7 17. Bb5 Nxe4 18. Qxe4 Bxb5 19. Re1 Rfe8 20. Bg5 Bd7 21.
Qh4 Rxb2 22. Ne4 f6 23. Bh6 Rxa2 24. Rxa2 Qxa2 25. Bxg7 Kxg7 26. Nc3 Qd2 27. Re3 Qd4 28. Qg3 f5 29. Qf3 Qf6 30. g3 Ra8 31. h4 Ra1+ 32. Kg2 h6 33. Qe2 Kf7 34. Qb2 Ra7 35. Qb6 Ra3 36.
Ne4 fxe4 37. Rxa3 Bg4 38. Qb8 Bf3+ 39. Kh2 Qd4 40. Rxf3+ exf3 41. Kg1 Qd1+ 42. Kh2 Qe2 43. Qb2 Qxb2 0-1

[Event "*** SCC Grand Prix: Titled Tuesday Blitz"]
[Site "Chess.com"]
[Date "2020.06.02"]
[Round "3"]
[White "lidiyato"]
[Black "MarceloPlaya"]
[Result "1-0"]
[WhiteElo "2117"]
[BlackElo "2307"]
[TimeControl "180+1"]
[EndTime "10:29:05 PDT"]
[Termination "lidiyato won on time"]

1. e4 e6 2. d4 d5 3. e5 c5 4. c3 Nc6 5. a3 f6 6. Nf3 Qc7 7. Bb5 f5 8. O-O Bd7 9. Bd3 c4 10. Bc2 Nge7 11. b3 cxb3 12. Bxb3 Ng6 13. c4 dxc4 14. Bxc4 Be7 15. Nbd2 O-O 16. Bb2 Rfd8 17.
Qb3 Nf8 18. Qa2 Na5 19. Rac1 Rac8 20. d5 Nxc4 21. Rxc4 Qb6 22. d6 Bh4 23. Nxh4 Rxc4 24. Nxc4 Qa6 25. Nf3 Bb5 26. Rc1 h6 27. Ne3 g5 28.
Nd4 Bd7 29. Nexf5 Qa4 30. Ne7+ Kh8 31. h4 Nh7 32. Nf3 Rf8 33. Ng6+ Kg7 34. Nxf8 Nxf8 35.
Qc4 Qa5 36. Qc7 Kg6 37. Qxa5 1-0

[Event "*** SCC Grand Prix: Titled Tuesday Blitz"]
[Site "Chess.com"]
[Date "2020.06.02"]
[Round "3"]
[White "Heineccius"]
[Black "MFguimaraes"]
[Result "0-1"]
[WhiteElo "2616"]
[BlackElo "2425"]
[TimeControl "180+1"]
[EndTime "10:29:06 PDT"]
[Termination "MFguimaraes won on time"]

1. d4 Nf6 2. c4 c6 3. Nf3 d6 4. Nc3 Nbd7 5. g3 g6 6. Bg2 Bg7 7. O-O O-O 8. e4 e5 9. Re1 Re8 10. h3 Qc7 11. Be3 exd4 12. Nxd4 Nc5 13. Qc2 Be6 14. Nxe6 Rxe6 15. b4 Ncd7 16. Rad1 a5 17. a3 axb4 18. axb4 Ree8 19. Bd4 Nf8 20. f4 Re6 21. e5 Ne8 22. Qf2 dxe5 23. Bb6 Qe7 24. Bc5 Qc7 25. f5 gxf5 26. Qxf5 Rg6 27. Ne4 Nf6 28. g4 Ne6 29. Bd6 Qb6+ 30. Kh1 Nd4 31. Qf2 Nxe4 32. Bxe4 Rh6 33. Kg2 Ra3 34. Bc5 Qa6 35.
Rd3 Ra2 36. Rd2 Rxd2 37. Qxd2 Qxc4 38. Ra1 f5 39. Ra8+ Kf7 40. Bxf5 Qd5+ 41. Kf1 Rxh3 42. Bxd4 Rh1+ 0-1

[Event "*** SCC Grand Prix: Titled Tuesday Blitz"]
[Site "Chess.com"]
[Date "2020.06.02"]
[Round "3"]
[White "Djager97"]
[Black "IwkooO"]
[Result "1-0"]
[WhiteElo "2386"]
[BlackElo "2557"]
[TimeControl "180+1"]
[EndTime "10:29:06 PDT"]
[Termination "Djager97 won by checkmate"]

1. e4 c5 2. Nf3 e6 3. d4 cxd4 4. Nxd4 Nc6 5. Nc3 a6 6. Be3 Nf6 7. Qf3 Bb4 8. Nxc6 bxc6 9. Bd3 d5 10. exd5 cxd5 11. Bd4 O-O 12. O-O-O Bb7 13. Rhe1 Qe7 14. g4 Bxc3 15. bxc3 Ne4 16. Qe3 Qa3+ 17. Kb1 Bc6 18. Ka1 Rab8 19. Rb1 Nxc3 20. Bxh7+ Kxh7 21. Bxc3 Bb5 22. Qd4 f6 23. Rb3 Qa4 24. Rb4 Qa3 25. Bb2 Qf3 26.
g5 Bc4 27. Rxb8 Rxb8 28. gxf6 gxf6 29. Qh4+ Kg6 30. Rg1+ Kf5 31. Qd4 e5 32. Qd2 Qf4 33.
Qc3 Rb5 34. Qh3+ Qg4 35. Qxg4# 1-0

[Event "*** SCC Grand Prix: Titled Tuesday Blitz"]
[Site "Chess.com"]
[Date "2020.06.02"]
[Round "3"]
[White "TokChess"]
[Black "stolencandy13"]
[Result "0-1"]
[WhiteElo "2355"]
[BlackElo "2559"]
[TimeControl "180+1"]
[EndTime "10:29:06 PDT"]
[Termination "stolencandy13 won on time"]

1. Nf3 f5 2. g3 Nf6 3. Bg2 e6 4. O-O Be7 5. d4 O-O 6. c4 d6 7. Nc3 a5 8. Qd3 Nc6 9. a3 e5 10. e4 fxe4 11. Nxe4 exd4 12. Nxd4 Ne5 13. Qc2 Kh8 14.
Bf4 Ng6 15. Be3 Ng4 16. Bd2 d5 17. cxd5 Qxd5 18. Bc3 c5 19. Nb5 Qh5 20. h3 N4e5 21.
f4 Nc6 22. g4 Qh6 23. f5 Nf4 24. Bd2 Nxh3+ 25. Kh2 Nf4+ 26. Kg1 Ne2+ 27. Kf2 Qh2 28. Rh1 Bh4+ 29. Kxe2 Qxg2+ 30. Kd3 Rd8+ 31. Kc3 Nd4 32.
Nxd4 cxd4+ 33. Kb3 d3 34. Qc3 Qxe4 35. Rxh4 Qd5+ 36.
Qc4 a4+ 37. Kc3 Qa5+ 38. b4 axb3+ 39. Qb4 Qe5+ 40. Kxb3 Qxa1 41. Qe7 Qb1+ 42. Kc4 b5+ 43. Kc5 Qc2+ 0-1

[Event "*** SCC Grand Prix: Titled Tuesday Blitz"]
[Site "Chess.com"]
[Date "2020.06.02"]
[Round "3"]
[White "WPWPWP-2015"]
[Black "Agent-JL"]
[Result "0-1"]
[WhiteElo "2333"]
[BlackElo "2527"]
[TimeControl "180+1"]
[EndTime "10:29:06 PDT"]
[Termination "Agent-JL won by checkmate"]

1. e4 c6 2. d4 d5 3. e5 Bf5 4. Be3 e6 5. Nc3 Nd7 6. g4 Bg6 7. Nge2 h6 8. Nf4 Bh7 9. Nh5 c5 10. Bg2 Ne7 11. f4 Nc6 12. dxc5 Nxc5 13. Nxg7+ Bxg7 14. Bxc5 h5 15. g5 h4 16. O-O Bf5 17. Nb5 Bf8 18. Nd6+ Bxd6 19. Bxd6 Qb6+ 20. Kh1 h3 21. Bf3 Nd4 22. Bc7 Qxb2 23. Rb1 Qc3 24. Ba5 Qc5 25. Bb4 Qc4 26. g6 Nxf3 27. Rxf3 Be4 28. gxf7+ Kxf7 29. Bd6 b6 30. Rb3 Rag8 31. f5 exf5 32. e6+ Kxe6 33. Bg3 f4 34. Bf2 Bxc2 35. Qe1+ Be4 36. Rc3 Kf5 37. Qd1 Qxc3 38. Bg1 Bxf3+ 39. Qxf3 Qxf3# 0-1

[Event "*** SCC Grand Prix: Titled Tuesday Blitz"]
[Site "Chess.com"]
[Date "2020.06.02"]
[Round "3"]
[White "Reality-Stone"]
[Black "garicradomir"]
[Result "1-0"]
[WhiteElo "2500"]
[BlackElo "2270"]
[TimeControl "180+1"]
[EndTime "10:29:06 PDT"]
[Termination "Reality-Stone won by resignation"]

1. d4 c5 2. d5 Nf6 3. c4 b5 4.
Qc2 bxc4 5. e4 d6 6. Bxc4 g6 7. Nf3 Bg7 8. O-O O-O 9. Nc3 Nbd7 10. h3 Nb6 11. Bb5 Bd7 12. a4 a6 13. Be2 Qc7 14. Bf4 Nh5 15. Bh2 f5 16. a5 Nc8 17. Ng5 f4 18. Bxh5 gxh5 19. Ne6 Bxe6 20. dxe6 Rb8 21. Nd5 Qb7 22. Qe2 Qxb2 23. Qxh5 Qe5 24.
Qg4 Qxe4 25. Rad1 Qf5 26. Qxf5 Rxf5 27. Bxf4 Bd4 28. Nxe7+ Nxe7 29. Bxd6 Rb7 30. g4 Rd5 31. Bg3 Rb3 32. Kg2 h5 33. f4 Rb2+ 34. Kf3 Rb3+ 35. Kg2 Ng6 36. f5 h4 37. fxg6 Rxg3+ 38. Kh2 Bg1+ 39.
Rxg1 Re5 40. Rge1 Rge3 41. Rxe3 Rxe3 42. Rd6 Re2+ 43. Kg1 c4 44. Rxa6 c3 45. Kf1 c2 46.
Rc6 Rxe6 47. Rxc2 Rxg6 48. Kg2 1-0

[Event "*** SCC Grand Prix: Titled Tuesday Blitz"]
[Site "Chess.com"]
[Date "2020.06.02"]
[Round "3"]
[White "TERMINATOR_PC"]
[Black "HanSchut"]
[Result "1-0"]
[WhiteElo "2466"]
[BlackElo "2197"]
[TimeControl "180+1"]
[EndTime "10:29:06 PDT"]
[Termination "TERMINATOR_PC won by resignation"]

1. e4 c5 2. Nc3 a6 3. g3 g6 4. Bg2 Bg7 5. d3 e6 6. Be3 d6 7. Qd2 Nc6 8. Nge2 Rb8 9. O-O b5 10. f4 Nge7 11. f5 exf5 12. Bh6 O-O 13. Bxg7 Kxg7 14. exf5 Bxf5 15. Rxf5 gxf5 16. Qg5+ Kh8 17. Qf6+ Kg8 18. Nf4 Nd4 19. Nh5 Ne6 20. Re1 Ng6 21.
Rxe6 Qxf6 22. Rxf6 b4 23. Nd5 Rfe8 24. Rxf5 Re2 25.
Rf2 Rxf2 26. Kxf2 f5 27. Bh3 Rf8 28. Ndf6+ Kh8 29. Bxf5 Ne7 30. Bxh7 Nd5 31. Be4 Nxf6 32. Nxf6 Rxf6+ 33. Ke2 a5 34. a3 Kg7 35. axb4 axb4 36. h4 Kf7 37. h5 Ke6 38. g4 d5 39. g5 Rf4 40. Bg6 Rg4 41. h6 Rxg5 42. h7 Rg2+ 43.
Kf3 Rh2 44. Kg4 Kf6 45. Bf5 Kg7 46. c3 Rxb2 47. cxb4 Rxb4+ 48. Kg5 c4 49. dxc4 dxc4 50. Kf4 c3+ 51. Ke3 Rc4 52. Bc2 Rc7 53. Ke2 Rc8 54.
Kd1 Rc7 55. Bd3 Kh8 56. Kc2 Rc6 57. Be4 Rc7 58. Bf5 Kg7 59. Be4 Kf6 60. h8=Q+ 1-0

[Event "*** SCC Grand Prix: Titled Tuesday Blitz"]
[Site "Chess.com"]
[Date "2020.06.02"]
[Round "3"]
[White "PattyCastillo"]
[Black "DDTerziev04"]
[Result "0-1"]
[WhiteElo "1904"]
[BlackElo "2247"]
[TimeControl "180+1"]
[EndTime "10:29:07 PDT"]
[Termination "DDTerziev04 won by resignation"]

1. d4 d5 2. Nf3 Nf6 3. e3 e6 4. Bd3 a6 5. b3 c5 6. Bb2 Nc6 7. O-O cxd4 8. exd4 Bd6 9. Nbd2 Qc7 10. a3 b5 11. Rc1 Ng4 12. h3 h5 13. Re1 Bh2+ 14.
Kf1 Bg3 15. hxg4 hxg4 16. Ne5 Nxe5 17. dxe5 Bxe5 18. Bxe5 Rh1+ 19. Ke2 Qxe5+ 20. Be4 Rxe1+ 21. Kxe1 dxe4 22. Qxg4 e3 23. fxe3 Qxe3+ 24. Qe2 Qg3+ 25. Qf2 Qe5+ 26. Qe2 Qd5 27. Nf3 Bb7 28. Rd1 Qc6 29. Qd2 Qc7 30. Qe2 Bxf3 31. Qxf3 Rb8 32. Qf2 Qc3+ 33.
Qd2 Qc7 34. Qe2 Rd8 35. Rxd8+ Qxd8 36. Qd2 Qxd2+ 37. Kxd2 Kd7 38. Ke3 Kd6 39. Ke4 f6 40.
g4 g6 41. c4 bxc4 42. bxc4 Kc5 43. Kd3 f5 44. gxf5 gxf5 0-1

[Event "*** SCC Grand Prix: Titled Tuesday Blitz"]
[Site "Chess.com"]
[Date "2020.06.02"]
[Round "3"]
[White "medalja"]
[Black "MarcoRiehle"]
[Result "1-0"]
[WhiteElo "2419"]
[BlackElo "2618"]
[TimeControl "180+1"]
[EndTime "10:29:08 PDT"]
[Termination "medalja won on time"]

1. d4 d5 2. c4 e6 3. Nf3 Nf6 4. g3 dxc4 5. Bg2 Bb4+ 6. Bd2 a5 7. Qc2 Bxd2+ 8. Qxd2 O-O 9. O-O b5 10. Ne5 Ra6 11. a4 c6 12. Nc3 b4 13. Nb1 Nbd7 14.
Nxc4 c5 15. Rd1 Qc7 16. Qd3 Bb7 17. Bxb7 Qxb7 18. Nbd2 Raa8 19. Nb3 Qc7 20. Rac1 Nd5 21. Nxc5 Nxc5 22. dxc5 Qxc5 23. Ne3 Qe7 24. Nxd5 exd5 25. e3 Rfd8 26. Qd4 h6 27. Rc5 Ra7 28. Rxd5 Rf8 29. Qb6 Rfa8 30. Rd8+ Kh7 31. Rxa8 Rxa8 32. Qc6 Ra7 33. Rd5 g6 34. Qb6 Rc7 35. Qd4 Rc1+ 36.
Kg2 Qb7 37. e4 Rc8 38. Rd7 Rc7 39. Rd8 f6 40. Qd5 1-0

[Event "*** SCC Grand Prix: Titled Tuesday Blitz"]
[Site "Chess.com"]
[Date "2020.06.02"]
[Round "3"]
[White "Baronessa08"]
[Black "Korchmar_Vasiliy"]
[Result "0-1"]
[WhiteElo "2388"]
[BlackElo "2596"]
[TimeControl "180+1"]
[EndTime "10:29:08 PDT"]
[Termination "Korchmar_Vasiliy won on time"]

1. c4 e5 2. g3 Nf6 3. Bg2 Bc5 4. Nc3 c6 5. Nf3 e4 6. Ng5 d5 7. cxd5 cxd5 8. d4 Bb6 9. O-O Nc6 10. Be3 O-O 11. Nh3 Re8 12. Rc1 Bg4 13. Nf4 g5 14.
Nh3 h6 15. Kh1 Qd7 16. Ng1 Qf5 17. Qd2 Qg6 18. f3 Bf5 19. fxe4 Nxe4 20. Nxe4 Bxe4 21. Nf3 Re6 22. Bg1 Rae8 23. a3 g4 24. Nh4 Bxg2+ 25. Nxg2 Rxe2 26. Qf4 Rxb2 27. Rf2 Ree2 28. Rxe2 Rxe2 29.
Rf1 Kg7 30. Be3 h5 31. Kg1 Bd8 32. Bc1 Be7 33. Be3 Bd6 34. Qg5 Qxg5 35. Bxg5 Kg6 36.
Bf6 Re6 37. Nh4+ Kh7 0-1

[Event "*** SCC Grand Prix: Titled Tuesday Blitz"]
[Site "Chess.com"]
[Date "2020.06.02"]
[Round "3"]
[White "CzechmVIII"]
[Black "imdvb6307"]
[Result "1-0"]
[WhiteElo "2173"]
[BlackElo "2372"]
[TimeControl "180+1"]
[EndTime "10:29:08 PDT"]
[Termination "CzechmVIII won by resignation"]

1. e4 Nc6 2. Nf3 d6 3. d4 Nf6 4.
Nc3 Bg4 5. d5 Ne5 6. Nxe5 Bxd1 7.
Bb5+ c6 8. dxc6 dxe5 9. c7+ Qd7 10. Bxd7+ Nxd7 11. Kxd1 e6 12. Ke2 a6 13. Be3 Rc8 14.
Rad1 Rxc7 15. Rd3 Bb4 16. Rhd1 Ke7 17. Bd2 Nc5 18. Nd5+ exd5 19. Bxb4 d4 20. c3 Ke6 21.
Bxc5 Rxc5 22. cxd4 exd4 23. Rxd4 Rc2+ 24. R1d2 Rxd2+ 25. Kxd2 b5 26. Rd3 Rc8 27. f4 f6 28. g4 h6 29. Rc3 Rd8+ 30. Rd3 Rc8 31. Rc3 Rd8+ 32. Ke3 Rd6 33. Rd3 Rc6 34. Rc3 Rd6 35. h4 g6 36.
f5+ gxf5 37. exf5+ Kd7 38. Rd3 Rxd3+ 39. Kxd3 Kd6 40.
Kd4 Kc6 41. b4 Kd6 42. Ke4 Kc6 43. Kf4 Kd6 44. g5 fxg5+ 45. hxg5 hxg5+ 46. Kxg5 Ke7 47. f6+ Kf7 48. Kf5 Kf8 49. Ke6 1-0

[Event "*** SCC Grand Prix: Titled Tuesday Blitz"]
[Site "Chess.com"]
[Date "2020.06.02"]
[Round "3"]
[White "andy_rekt"]
[Black "fabianvivasz"]
[Result "1-0"]
[WhiteElo "2034"]
[BlackElo "2279"]
[TimeControl "180+1"]
[EndTime "10:29:08 PDT"]
[Termination "andy_rekt won on time"]

1. c4 Nf6 2. Nc3 c5 3. g3 d5 4. cxd5 Nxd5 5. Bg2 Nc7 6. Nf3 Nc6 7. O-O e5 8. a3 Rb8 9. d3 Be7 10. Be3 Be6 11.
Rc1 O-O 12. Na4 b6 13. b4 Nd5 14. bxc5 Nxe3 15. fxe3 Na5 16. Rc3 b5 17. Nb2 b4 18.
axb4 Rxb4 19. Qc2 Qb8 20. Nd1 Rc8 21. Nf2 Rb2 22. Qc1 Rxe2 23. Ne4 Nb3 24. Qd1 Rxe3 25. Kf2 Rxe4 26. dxe4 Bxc5+ 27. Rxc5 Nxc5 28. Kg1 Nxe4 29. Qe2 f5 30. Nd2 Qb6+ 31. Kh1 Rc2 32. Bxe4 fxe4 33. Qd1 Rb2 34. Nxe4 Qc6 35. Qf3 h6 36. Nf6+ gxf6 37. Qxc6 Rb6 38. Qe8+ 1-0

[Event "*** SCC Grand Prix: Titled Tuesday Blitz"]
[Site "Chess.com"]
[Date "2020.06.02"]
[Round "3"]
[White "dragos420"]
[Black "hanzo_hasashi1"]
[Result "0-1"]
[WhiteElo "2505"]
[BlackElo "2738"]
[TimeControl "180+1"]
[EndTime "10:29:09 PDT"]
[Termination "hanzo_hasashi1 won by resignation"]

1. e4 c6 2. Nc3 d5 3. Qf3 e6 4. d4 dxe4 5. Qe3 Bb4 6. Ne2 Nf6 7. a3 Ba5 8. Bd2 O-O 9. O-O-O b5 10. Nxe4 Nd5 11. Qg3 Bc7 12. Qf3 Nd7 13. Nf4 a5 14. Bd3 Rb8 15. Nxd5 exd5 16. Ng5 Nf6 17. Bf4 Bg4 18.
Qg3 Bxf4+ 19. Qxf4 Bxd1 20. Rxd1 h6 21. Nf3 b4 22. a4 Rc8 23. Ne5 c5 24. dxc5 Rxc5 25. g4 b3 26. c3 Qd6 27. Qd4 Rfc8 28. f4 R5c7 29. g5 hxg5 30. fxg5 Nd7 31. Nxd7 Rxd7 32.
h4 Qe6 33. Rf1 Re7 34. Bf5 Qe2 35. Bd3 Qg2 36. Qf4 Rce8 37. Qf5 Re1+ 0-1

[Event "*** SCC Grand Prix: Titled Tuesday Blitz"]
[Site "Chess.com"]
[Date "2020.06.02"]
[Round "3"]
[White "AliKa2810"]
[Black "Guenplen"]
[Result "0-1"]
[WhiteElo "2570"]
[BlackElo "2918"]
[TimeControl "180+1"]
[EndTime "10:29:09 PDT"]
[Termination "Guenplen won on time"]

1. d4 Nf6 2. c4 b6 3. f3 Nc6 4. d5 Ne5 5. e4 e6 6. Nc3 Bc5 7. Nh3 O-O 8. Be2 d6 9. Nf2 c6 10. f4 Nxc4 11. Bxc4 exd5 12. Be2 Bxf2+ 13. Kxf2 dxe4 14.
Re1 d5 15. Kg1 d4 16. Nb1 c5 17. h3 Bb7 18. Nd2 Bd5 19. b3 Re8 20. Bb2 Qc7 21. Bb5 Re7 22. Bc4 Bxc4 23. Nxc4 Qxf4 24. Rf1 Qg5 25. Bxd4 cxd4 26. Qxd4 Qc5 27. Rad1 Qxd4+ 28. Rxd4 h6 29. Rfd1 Rc8 30. Kf2 g6 31. Ke3 Kg7 32.
Rd8 Rcc7 33. a4 Nd7 34. Rd4 Nc5 35. Nd6 Nxb3 36. Ne8+ Rxe8 0-1

[Event "*** SCC Grand Prix: Titled Tuesday Blitz"]
[Site "Chess.com"]
[Date "2020.06.02"]
[Round "3"]
[White "awesomevishesh"]
[Black "dalmatinac101"]
[Result "0-1"]
[WhiteElo "2446"]
[BlackElo "2853"]
[TimeControl "180+1"]
[EndTime "10:29:09 PDT"]
[Termination "dalmatinac101 won by resignation"]

1. d4 g6 2. c4 Bg7 3. Nf3 Nf6 4. g3 c5 5. d5 d6 6. Nc3 e6 7. Bg2 exd5 8. cxd5 O-O 9. O-O Re8 10. Re1 Ne4 11. Nxe4 Rxe4 12. Qc2 Bf5 13. Bh3 Re5 14. Bxf5 Rxf5 15.
Bf4 Rxd5 16. e4 Rh5 17. Rad1 Nc6 18. Rxd6 Qa5 19. Red1 Qxa2 20. Kg2 c4 21. e5 Rf5 22. Qe4 Qxb2 23. g4 Rxf4 24. Qxf4 Bxe5 25. Nxe5 Qxe5 26. Rd8+ Rxd8 27. Rxd8+ Kg7 28. Qxe5+ Nxe5 29. Rb8 b6 30. Rc8 a5 31. f4 Nxg4 32. Kf3 Nxh2+ 33. Kf2 Ng4+ 34.
Kf3 Nf6 35. Rxc4 Kf8 36. Rc6 Nd7 37. Rd6 Ke7 38. Rc6 h5 39. Ke4 a4 40. f5 g5 41. f6+ Nxf6+ 42. Kf5 Nd5 43. Kxg5 a3 44. Rc2 b5 45. Kxh5 b4 46. Rc5 a2 47. Ra5 b3 48. Kg4 b2 0-1

[Event "*** SCC Grand Prix: Titled Tuesday Blitz"]
[Site "Chess.com"]
[Date "2020.06.02"]
[Round "3"]
[White "PlotnikovPavel"]
[Black "rpragchess"]
[Result "0-1"]
[WhiteElo "2446"]
[BlackElo "2863"]
[TimeControl "180+1"]
[EndTime "10:29:10 PDT"]
[Termination "rpragchess won on time"]

1. e4 c5 2. c3 Nf6 3. e5 Nd5 4. d4 cxd4 5. Qxd4 e6 6. Bd3 Nc6 7. Qe4 d6 8. exd6 Bxd6 9. Nf3 Nf6 10. Qe2 O-O 11. Bg5 Be7 12. Nbd2 Qc7 13. Ne4 Nxe4 14.
Qxe4 f5 15. Qh4 Bxg5 16. Qxg5 e5 17. O-O-O Be6 18. Qh4 h6 19. Bc4 Qf7 20. Bxe6 Qxe6 21. Kb1 Rad8 22. Rhe1 Rd6 23. Rxd6 Qxd6 24. Qc4+ Kh8 25.
Qe2 e4 26. Qd2 Qg6 27. Nh4 Qf6 28. g3 Ne5 29. f4 Nd3 30. Rd1 b5 31. Ng2 Rb8 32.
Ne3 a5 33. Qc2 b4 34. c4 b3 35. axb3 a4 36. Nd5 Qf7 37. Rxd3 exd3 38. Qxd3 axb3 39. Qd4 Qe6 40. Qe3 Qxe3 41. Nxe3 Re8 42. Nd1 Re2 43. c5 Rc2 44. Nc3 Rxh2 45. Kc1 Rc2+ 46. Kb1 Rg2 0-1

[Event "*** SCC Grand Prix: Titled Tuesday Blitz"]
[Site "Chess.com"]
[Date "2020.06.02"]
[Round "3"]
[White "MateSchmate"]
[Black "Lubov_Gordyk"]
[Result "1-0"]
[WhiteElo "2398"]
[BlackElo "2573"]
[TimeControl "180+1"]
[EndTime "10:29:10 PDT"]
[Termination "MateSchmate won by resignation"]

1. e4 e5 2. Nf3 d6 3. d4 exd4 4. Nxd4 Nf6 5. Nc3 Be7 6. Bc4 O-O 7. O-O a6 8. a4 Re8 9. Re1 Nbd7 10. Be3 Ne5 11. Be2 h6 12. h3 Bf8 13. f4 Ng6 14.
Bf3 Bd7 15. Qd2 c5 16. Nf5 Bc6 17. Bf2 Qc7 18. g4 Rad8 19. g5 hxg5 20. fxg5 Nh7 21. h4 Ne5 22. Bg2 g6 23. Ne3 Bg7 24. Ncd5 Qc8 25.
c3 f6 26. gxf6 Nxf6 27. Nxf6+ Bxf6 28. Nd5 Bxd5 29. Qxd5+ Qe6 30. Rad1 Qxd5 31. Rxd5 Kf7 32. Red1 Ke7 33. b4 cxb4 34. cxb4 Rh8 35. Bb6 Rd7 36. Bh3 Rdd8 37. Bxd8+ Rxd8 38. h5 gxh5 39. Bf5 h4 40.
Kh2 Bg5 41. Kh3 Bf6 42. b5 axb5 43. Rxb5 Bg5 44. Rxb7+ Kf6 45. a5 Bf4 46. a6 Nf3 47.
Kg4 Rg8+ 48. Kxf4 1-0

[Event "*** SCC Grand Prix: Titled Tuesday Blitz"]
[Site "Chess.com"]
[Date "2020.06.02"]
[Round "3"]
[White "Nafania1"]
[Black "Terao90"]
[Result "0-1"]
[WhiteElo "2434"]
[BlackElo "2282"]
[TimeControl "180+1"]
[EndTime "10:29:10 PDT"]
[Termination "Terao90 won by resignation"]

1. e4 c5 2. Nf3 Nc6 3. Bb5 e6 4. Nc3 Nge7 5. O-O a6 6. Bxc6 Nxc6 7. d4 cxd4 8. Nxd4 d6 9. Nxc6 bxc6 10. Qg4 e5 11. Qg3 h5 12. Bg5 h4 13. Bxd8 hxg3 14. Bg5 gxh2+ 15. Kh1 f6 16. Be3 Be6 17. f4 Be7 18. g3 d5 19. fxe5 fxe5 20. Na4 d4 21.
Bd2 O-O-O 22. b3 Rdf8 23. Nb6+ Kb7 24. Nc4 Bxc4 25. bxc4 Rxf1+ 26. Rxf1 Rf8 27. Rxf8 Bxf8 28. Kxh2 Kb6 29. Kh3 Kc5 30. Kg4 Kxc4 31. Kf5 d3 32.
c3 Be7 33. Kg6 Kb5 34. Kxg7 Ka4 35. Kf7 Bd8 36. Ke6 Ka3 37. Kxe5 Kxa2 38. Kd4 Kb3 39. Kxd3 a5 40. Kd4 a4 41. Bc1 Bg5 42. Bxg5 a3 0-1

[Event "*** SCC Grand Prix: Titled Tuesday Blitz"]
[Site "Chess.com"]
[Date "2020.06.02"]
[Round "3"]
[White "Khamrakulov_Djurabek"]
[Black "saikrishnaReturns"]
[Result "0-1"]
[WhiteElo "2812"]
[BlackElo "2643"]
[TimeControl "180+1"]
[EndTime "10:29:11 PDT"]
[Termination "saikrishnaReturns won by checkmate"]

1. e4 e5 2. Nf3 Nc6 3. d4 exd4 4. Nxd4 Nf6 5. Nc3 Bb4 6. Nxc6 bxc6 7. Bd3 d5 8. exd5 Qe7+ 9. Qe2 Qxe2+ 10. Kxe2 Bxc3 11. bxc3 Nxd5 12. c4 Nb6 13. Bf4 Be6 14. Bxc7 Bxc4 15.
Bxc4 Nxc4 16. Rhd1 O-O 17. a4 Rfe8+ 18. Kf1 Re7 19. Bd6 Re6 20. Bc5 Re5 21. Bxa7 h5 22. Bd4 Rea5 23. Bc3 Rxa4 24. Rd8+ Rxd8 25. Rxa4 Nb6 26.
Ra6 Rb8 27. Bd4 Nd5 28. Rxc6 Nf4 29. f3 h4 30. Kf2 Re8 31. g3 hxg3+ 32. hxg3 Nh3+ 33.
Kg2 Ng5 34. f4 Ne4 35. c4 Nd2 36. Kf2 Ne4+ 37. Kf3 Nd2+ 38. Kg4 Re4 39. Rc8+ Kh7 40. Rd8 Nxc4 41. Rd7 Kg8 42. Rd8+ Kh7 43. Kh5 Ne3 44. Rd7 Kg8 45. Kg5 Nf1 46. g4 Nh2 47. Kf5 Re6 48. Rd8+ Kh7 49. Rd7 g6+ 50. Kg5 Nf3# 0-1

[Event "*** SCC Grand Prix: Titled Tuesday Blitz"]
[Site "Chess.com"]
[Date "2020.06.02"]
[Round "3"]
[White "DanielMieles1985"]
[Black "CyberneticLion"]
[Result "1-0"]
[WhiteElo "2596"]
[BlackElo "2388"]
[TimeControl "180+1"]
[EndTime "10:29:11 PDT"]
[Termination "DanielMieles1985 won by resignation"]

1. c4 e6 2. Nc3 d5 3. e3 Nf6 4. Nf3 c6 5. b3 Nbd7 6. Bb2 Bd6 7.
Qc2 O-O 8. g4 dxc4 9. bxc4 b5 10.
cxb5 cxb5 11. Nxb5 Qe7 12. Qc6 Rb8 13. Nxd6 Rxb2 14.
Nxc8 Qb4 15. Be2 Ne5 16. Ne7+ Kh8 17. Qc1 Qb7 18. Rg1 Nfd7 19. Nxe5 Nxe5 20. f4 Nd7 21. Bf3 Qb4 22. Nc6 Qb6 23. Nd4 Rb8 24. Nb3 Rxb3 25.
axb3 Nc5 26. Qc3 Qb5 27. Be2 Qb6 28. Rc1 Nxb3 29. Qc8+ Qd8 30. Qxd8+ Rxd8 31. Rb1 Nxd2 32. Rd1 a5 33. Rxd2 Ra8 34. Kf2 a4 35. Ra1 g6 36.
g5 Kg7 37. h4 h6 38. Bf3 hxg5 1-0

[Event "*** SCC Grand Prix: Titled Tuesday Blitz"]
[Site "Chess.com"]
[Date "2020.06.02"]
[Round "3"]
[White "MartinMatthiesen"]
[Black "Vlad_Lukiianchuk"]
[Result "0-1"]
[WhiteElo "2360"]
[BlackElo "2563"]
[TimeControl "180+1"]
[EndTime "10:29:11 PDT"]
[Termination "Vlad_Lukiianchuk won by resignation"]

1. d4 Nf6 2. c4 e6 3. Nf3 d5 4. Nc3 c6 5. e3 Nbd7 6. Bd3 Bd6 7. O-O O-O 8. e4 dxe4 9. Nxe4 Nxe4 10. Bxe4 Nf6 11.
Bc2 h6 12. b3 Qe7 13. a3 Rd8 14. Qe2 c5 15. dxc5 Bxc5 16. Bb2 b6 17. b4 Bd6 18.
Ne5 Bb7 19. f4 a5 20. Ng4 Nxg4 21. Qxg4 f5 22. Qg3 axb4 23. Rae1 bxa3 24. Rxe6 Qf7 25. Bxg7 Qxe6 26. Bxh6+ Kf7 27. Qg7+ Ke8 28. Qxb7 Bc5+ 29. Kh1 Qxh6 30. Re1+ Kf8 31. Re5 Qf6 32. h3 a2 33.
Rxf5 Qxf5 34. Bxf5 a1=Q+ 35. Kh2 Qf6 0-1